 Dungeon Crawl Stone Soup version 0.19.1-1-g22dce08 (webtiles) character file.

419 TryAgain the Firebug (level 6, -2/41 HPs)
             Began as a Demonspawn Fire Elementalist on Jan 20, 2017.
             Slain by Thrillho's ghost (6 damage)
             ... in an ossuary.
             The game lasted 00:18:37 (3518 turns).

TryAgain the Firebug (Demonspawn Fire Elementalist) Turns: 3518, Time: 00:18:38

Health: -2/41      AC:  6    Str:  9    XL:     6   Next: 62%
Magic:  11/11      EV: 13    Int: 18    God:
Gold:   139        SH:  0    Dex: 13    Spells: 3 memorised, 3 levels left

rFire  + . .     SeeInvis .     q - +3 morningstar (protect)
rCold  . . .     Gourm    .     u - +0 leather armour
rNeg   . . .     Faith    .     (no shield)
rPois  .         Spirit   .     (helmet restricted)
rElec  .         Reflect  .     (no cloak)
rCorr  .         Harm     .     n - +2 pair of gloves
MR     .....                    (no boots)
Stlth  ++........               (no amulet)
                                (no ring)
                                (no ring)

@: flying, hasted, very quick
A: antennae 1, fire resistance 1, powered by death 1
a: no special abilities


You were in an ossuary.
You were not hungry.

You visited 1 branch of the dungeon, and saw 4 of its levels.
You also visited: Ossuary.

You collected 139 gold pieces.

Inventory:

Hand Weapons
 a - a +0 halberd
 q - a +3 morningstar of protection (weapon)
 w - a cursed -1 mace
 x - a +0 blowgun
Missiles
 y - 67 poisoned needles
Armour
 i - a cursed +0 helmet
 n - a +2 pair of gloves (worn)
 u - a +0 leather armour (worn)
Jewellery
 l - a +3 ring of evasion
 m - an uncursed ring of ice
Wands
 v - a wand of enslavement (3/24)
Potions
 s - a potion of haste
 z - a potion of lignification
Books
 b - a book of Flames

   Spells                             Type                      Level
   a - Flame Tongue                   Conjuration/Fire             1
   b - Throw Flame                    Conjuration/Fire             2
   c - Conjure Flame                  Conjuration/Fire             3
   d - Inner Flame                    Hexes/Fire                   3
   e - Sticky Flame                   Conjuration/Fire             4
   f - Fireball                       Conjuration/Fire             5
 e - a book of Misfortune

   Spells                             Type                      Level
   a - Confusing Touch                Hexes                        1
   b - Confuse                        Hexes                        3
   c - Gell's Gravitas                Hexes/Translocation          3
   d - Petrify                        Transmutation/Earth          4
   e - Metabolic Englaciation         Hexes/Ice                    5
   f - Yara's Violent Unravelling     Hexes/Transmutation          5
Comestibles
 c - 3 bread rations


   Skills:
 + Level 3.5 Dodging
 - Level 1.7 Stealth
 + Level 3.6 Spellcasting
 + Level 3.7 Conjurations
 + Level 4.0 Fire Magic


You had 3 spell levels left.
You knew the following spells:

 Your Spells              Type           Power        Failure   Level  Hunger
a - Flame Tongue          Conj/Fire      ###..        6%          1    None
b - Conjure Flame         Conj/Fire      ###.....     14%         3    ###....
c - Fireball              Conj/Fire      ###.......   96%         5    ######.


Dungeon Overview and Level Annotations

Branches:
Dungeon (4/15)
 Temple: D:4-7

Altars:

Annotations:
Ossuary Thrillho's ghost, novice OpAs


Innate Abilities, Weirdness & Mutations

You have a pair of small antennae on your head.
Your flesh is heat resistant. (rF+)
You regenerate a little health from kills.


Message History

Confirm with . or Enter, or press ? or * to list all spells.
You don't know that spell.
Unknown command.
Okay, then.
Zapping:
v - a wand of enslavement (will waste charges)
Press: ? - help, Shift-Dir - straight line, f - Thrillho's ghost
Aim: Thrillho's ghost (hasn't noticed you, chance to defeat MR: 19%) Thrillho's ghost turns its malevolent gaze towards you.
Thrillho's ghost resists with almost no effort.
Evoking this partially-identified wand wasted a few charges.
It was a potion of flight.
You feel very buoyant.
You fly up into the air.
A kobold zombie comes into view.
Thrillho's ghost hits you. Thrillho's ghost hits you!
* * * LOW HITPOINT WARNING * * *
A mummy and a zombie come into view.
You feel yourself speed up. Thrillho's ghost hits you.
You die...
ZM....

#Z...#
#....#
#....#
#....#
#....#
#.W..#
#.@..#
#....#
#.∩∩.#
######


You could see a mummy (wandering), Thrillho's ghost, a hobgoblin zombie and a
kobold zombie.

Vanquished Creatures
  An ogre (D:3)
  A scorpion (D:3)
  A hound (D:3)
  An orc wizard (D:4)
  An orc priest (D:3)
  A mummy (D:4)
  2 gnolls (D:4)
  5 adders
  2 worms (D:2)
  3 dart slugs
  2 leopard geckos
  10 orcs
  4 giant cockroaches
  11 goblins
  10 hobgoblins
  4 jackals
  2 quokkas
  A ball python (D:1)
  13 bats
  6 frilled lizards
  11 kobolds
  An orc zombie (D:4)
  10 rats
103 creatures vanquished.

Notes
Turn   | Place    | Note
-------+----------+-------------------------------------------
     0 | D:1      | TryAgain the Demonspawn Fire Elementalist began the quest for the Orb.
     0 | D:1      | Reached XP level 1. HP: 13/13 MP: 3/3
   173 | D:1      | Gained mutation: You have a pair of small antennae on your head. [demonic ancestry]
   173 | D:1      | Reached XP level 2. HP: 16/19 MP: 1/5
   970 | D:1      | Reached skill level 3 in Fire Magic
  1110 | D:1      | Reached XP level 3. HP: 12/24 MP: 6/6
  1494 | D:2      | Reached XP level 4. HP: 21/30 MP: 3/7
  1547 | D:2      | Learned a level 3 spell: Conjure Flame
  1880 | D:3      | Found a faded altar of an unknown god.
  2134 | D:3      | Gained mutation: You regenerate a little health from kills. [demonic ancestry]
  2134 | D:3      | Reached XP level 5. HP: 35/35 MP: 1/9
  2427 | D:3      | Learned a level 5 spell: Fireball
  2810 | D:3      | Noticed an ogre
  2851 | D:3      | Killed an ogre
  2851 | D:3      | Gained mutation: Your flesh is heat resistant. (rF+) [demonic ancestry]
  2851 | D:3      | Reached XP level 6. HP: 10/41 MP: 3/11
  3357 | D:4      | Reached skill level 4 in Fire Magic
  3360 | D:4      | HP: 1/41 [gnoll/spear (2)]
  3492 | D:4      | Found a sand-covered staircase.
  3501 | Ossuary  | Entered an ossuary
  3512 | Ossuary  | Noticed Thrillho's ghost (novice OpAs)
  3518 | Ossuary  | Slain by Thrillho's ghost

Skill      XL: |  1  2  3  4  5  6 |
---------------+-------------------+-----
Dodging        | 2 3 |  3.5
Fire Magic     | 3 4 |  4.0
Conjurations   | 2 3 |  3.7
Spellcasting   | 3 |  3.6
Stealth        | |  1.7

Action                   |  1- 3 |  4- 6 || total
-------------------------+-------+-------++-------
Melee: Club              |    11 |       ||    11
       Spear             |    35 |    35 ||    70
       Halberd           |       |    13 ||    13
       Morningstar       |       |    30 ||    30
 Cast: Flame Tongue      |    48 |   108 ||   156
Evoke: Wand              |       |     1 ||     1
  Use: Scroll            |       |    11 ||    11
       Potion            |       |     5 ||     5
 Stab: Sleeping          |       |     1 ||     1
  Eat: Chunk             |     1 |     5 ||     6
       Pizza             |     1 |       ||     1
       Meat ration       |       |     1 ||     1
Armor: Robe              |     8 |    18 ||    26
       Leather armour    |       |    32 ||    32
Dodge: Dodged            |    44 |   127 ||   171
